 Dungeon Crawl Stone Soup version 0.30-a0-613-gdd512c7efb (webtiles) character file.

Game seed: 12239537732465359288

272617 Zonian the Unseen (level 20, -7/113 HPs)
             Began as a Vine Stalker Brigand on Jan 7, 2023.
             Was the Champion of Uskayaw.
             Mangled by a deep troll (9 damage)
             ... led by an ironbound preserver
             ... on level 1 of the Vaults on Jan 8, 2023.
             The game lasted 02:10:22 (38744 turns).

Zonian the Unseen (Vine Stalker Brigand)           Turns: 38744, Time: 02:10:23

Health: -7/113     AC: 18    Str: 19    XL:     20   Next: 26%
Magic:  0/42       EV: 18    Int: 13    God:    Uskayaw [******]
Gold:   34         SH: 10    Dex: 28    Spells: 9/35 levels left

rFire   + + .      SeeInvis .    L - +5 quick blade (elec)
rCold   + + .      Faith    +    A - +3 warlock's mirror {reflect}
rNeg    . . .      Spirit   +    X - +3 ring mail "Seeqe" {rPois rF+ rC+ Dex-2}
rPois   +          Reflect  +    N - +2 helmet "Zuro" {Slay+6}
rElec   .          Harm     .    g - scarf {rC+ rF+}
rCorr   +          Rampage  .    B - +2 pair of gloves {Str+3}
Will    ++...                    t - +1 pair of boots {Fly}
Stlth   ++++++                   J - amulet "Sygaas" {Faith rPois}
HPRegen 1.18/turn                G - ring of Rousefoyp {rC+ MP+9 Dex+3}
MPRegen 0.28/turn                f - ring of the Enfolding Gods {rCorr Dex+6}

@: flying, studying 3 skills
A: fangs 3, regeneration 1, magic shield, antimagic bite, no potion heal 2, cold
vulnerability 1
}: 2/15 runes: serpentine, barnacled
a: Renounce Religion, Stomp, Line Pass, Grand Finale


You were on level 1 of the Vaults.
You worshipped Uskayaw.
Uskayaw was aware of your devotion.
You visited 8 branches of the dungeon, and saw 35 of its levels.
You also visited: Bailey and Gauntlet.

You collected 4220 gold pieces.
You spent 4186 gold pieces at shops.

Inventory:

Hand Weapons
 L - a +5 quick blade of electrocution (weapon)
 S - a +4 sling of freezing
 T - a +0 antimagic demon blade
Missiles
 d - 51 poisoned darts (quivered)
 e - 5 curare-tipped darts
 o - 16 javelins
 r - 5 datura-tipped darts
 x - 42 boomerangs
 y - 3 atropa-tipped darts
 I - 11 throwing nets
Armour
 c - the +0 chain mail of Distant Shores {rC- Regen+ Dex+7}
   (You found it on level 11 of the Dungeon)

   Dex:       It affects your dexterity (+7).
   rC:        It makes you vulnerable to cold.
   Regen:     It increases your rate of health regeneration.
 g - a scarf of resistance (worn)
 t - a +1 pair of boots of flying (worn)
 A - the +3 warlock's mirror (worn) {reflect}
   (You found it on level 4 of the Snake Pit)

   It can block and reflect piercing ranged attacks and magical attacks against
   the wielder's willpower.
 B - a +2 pair of gloves of strength (worn)
 N - the +2 helmet "Zuro" (worn) {Slay+6}
   (You acquired it on level 11 of the Dungeon)

   Slay:      It affects your accuracy & damage with ranged weapons and melee
   (+6).
 X - the +3 ring mail "Seeqe" (worn) {rPois rF+ rC+ Dex-2}
   (You found it in a bailey)

   Dex:       It affects your dexterity (-2).
   rF:        It protects you from fire.
   rC:        It protects you from cold.
   rPois:     It protects you from poison.
Jewellery
 f - the ring of the Enfolding Gods (right hand) {rCorr Dex+6}
   (You bought it in a shop on level 2 of the Orcish Mines)

   [ring of dexterity]

   Dex:       It affects your dexterity (+6).
   rCorr:     It protects you from acid and corrosion.
 l - a +4 ring of protection
 p - the ring "Sush" {rPois rC+ Dex+6 SInv}
   (You found it on level 1 of the Vaults)

   [ring of dexterity]

   Dex:       It affects your dexterity (+6).
   rC:        It protects you from cold.
   rPois:     It protects you from poison.
   SInv:      It lets you see invisible.
 G - the ring of Rousefoyp (left hand) {rC+ MP+9 Dex+3}
   (You bought it in a shop on level 2 of the Snake Pit)

   [ring of protection from cold]

   Dex:       It affects your dexterity (+3).
   rC:        It protects you from cold.
   MP:        It affects your magic capacity (+9).
 J - the amulet "Sygaas" (around neck) {Faith rPois}
   (You bought it in a shop on level 2 of the Snake Pit)

   [amulet of faith]

   It allows you to gain divine favour quickly.
   rPois:     It protects you from poison.
Wands
 j - a wand of flame (38)
 k - a wand of light (9)
 m - a wand of charming (30)
 u - a wand of mindburst (13)
 R - a wand of roots (30)
Scrolls
 a - 3 scrolls of silence
 b - 7 scrolls of poison
 C - a scroll of summoning
 D - 3 scrolls of fear
 E - 4 scrolls of fog
 F - 3 scrolls of amnesia
 H - 12 scrolls of teleportation
 K - 4 scrolls of magic mapping
Potions
 h - 5 potions of might
 i - 4 potions of invisibility
 n - 25 potions of curing
 q - 2 potions of resistance
 s - 6 potions of ambrosia
 v - 5 potions of brilliance
 z - a potion of berserk rage
 M - 4 potions of magic
 P - 3 potions of haste
 Q - a potion of lignification
 W - a potion of flight
Miscellaneous
 w - a lightning rod (4/4)
 O - a phantom mirror
 V - a box of beasts
 Y - a tin of tremorstones (2/2)
 Z - a phial of floods


   Skills:
 - Level 15.0 Fighting
 - Level 12.0 Short Blades
 - Level 1.8 Throwing
 - Level 8.0 Armour
 - Level 8.0 Dodging
 - Level 16.0 Stealth
 - Level 6.0 Shields
 + Level 8.4 Spellcasting
 + Level 14.8 Conjurations
 - Level 6.0 Translocations
 + Level 5.8 Transmutations
 + Level 2.4 Ice Magic
 - Level 14.6 Air Magic
 - Level 10.5 Poison Magic
 - Level 8.0 Invocations
 - Level 8.0 Evocations


You had 9 spell levels left.
You knew the following spells:

 Your Spells              Type           Power      Damage    Failure   Level
a - Blink                 Tloc           42%        N/A       3%          2
b - Mephitic Cloud        Conj/Pois/Air  40%        N/A       1%          3
c - Arcjolt               Conj/Air       21%        1d31      1%          5
d - Lightning Bolt        Conj/Air       21%        1d36      1%          5
e - Vhi's Electric Charg  Tloc/Air       64%        N/A       1%          3
f - Hailstorm             Conj/Ice       28%        3d8       2%          3
g - Irradiate             Conj/Tmut      16%        3d17      11%         5

Your spell library contained the following spells:

 Spells                   Type           Power      Damage    Failure   Level
 Kiss of Death            Conj/Necr      96%        2d12      1%          1
 Magic Dart               Conj           100%       1d8       1%          1
 Poisonous Vapours        Pois/Air       76%        N/A       1%          2
 Searing Ray              Conj           88%        2d7       1%          2
 Static Discharge         Conj/Air       86%        2-6/arc   1%          2
 Iskenderun's Battlesphe  Conj           44%        2d10      1%          5
 Apportation              Tloc           42%        N/A       2%          1
 Beastly Appendage        Tmut           40%        N/A       2%          1
 Spider Form              Tmut/Pois      26%        N/A       2%          3
 Wereblood                Tmut           20%        N/A       3%          2
 Freeze                   Ice            44%        1d6       10%         1
 Passwall                 Tmut/Erth      10%        N/A       12%         2
 Fulminant Prism          Conj/Hex       12%        3d9       13%         4
 Manifold Assault         Tloc           21%        N/A       22%         4
 Portal Projectile        Hex/Tloc       26%        N/A       24%         3
 Necrotise                Necr           20%        1d5       26%         1
 Summon Small Mammal      Summ           20%        N/A       26%         1
 Frozen Ramparts          Ice            22%        1d4       28%         3
 Ozocubu's Armour         Ice            11%        N/A       28%         3
 Orb of Destruction       Conj           22%        9d8       45%         7
 Call Canine Familiar     Summ           5%         N/A       63%         3
 Summon Guardian Golem    Hex/Summ       5%         N/A       63%         3
 Vampiric Draining        Necr           5%         2d6       63%         3
 Petrify                  Tmut/Erth      13%        N/A       63%         4
 Eringya's Noxious Bog    Tmut/Pois      13%        N/A       80%         6
 Summon Ice Beast         Ice/Summ       8%         N/A       85%         4
 Iron Shot                Conj/Erth      12%        9d3       89%         6
 Summon Forest            Summ/Tloc      6%         N/A       91%         5
 Leda's Liquefaction      Hex/Erth       2%         N/A       95%         4
 Storm Form               Tmut/Air       16%        N/A       98%         7
 Metabolic Englaciation   Hex/Ice        4%         N/A       99%         5
 Maxwell's Capacitive Co  Air            21%        ∞         99%         8
 Summon Mana Viper        Hex/Summ       5%         N/A       100%        5
 Simulacrum               Ice/Necr       4%         N/A       100%        6
 Statue Form              Tmut/Erth      8%         N/A       100%        6
 Malign Gateway           Summ/Tloc      6%         N/A       100%        7
 Monstrous Menagerie      Summ           2%         N/A       100%        7
 Ozocubu's Refrigeration  Ice            5%         4d8       100%        7
 Spellforged Servitor     Conj/Summ      12%        N/A       100%        7
 Summon Hydra             Summ           2%         N/A       100%        7
 Summon Horrible Things   Summ           2%         N/A       100%        8


Dungeon Overview and Level Annotations

Branches:
Dungeon (15/15)            Temple (1/1) D:5            Lair (5/5) D:11
 Shoals (4/4) Lair:3        Snake (4/4) Lair:3        Slime (0/5) Lair:5
    Orc (2/2) D:9             Elf (3/3) Orc:2        Vaults (1/5) D:14
 Depths (0/4) D:15         Bailey (visited)         Gauntlet (visited)

Altars:
Cheibriados
Dithmenos
Elyvilon
Fedhas
Gozag
Hepliaklqana
Nemelex Xobeh
Okawaru
Qazlal
Ru
Sif Muna
Trog
Uskayaw
Vehumet
Wu Jian
Xom
Yredelemnul
Zin
The Shining One
Jiyva
Lugonu

Shops:
D:8 [*??   D:11 (   Orc:2 (=(   Elf:3 (   Shoals:1 [   Shoals:3 [
Snake:2 ==:=   Snake:4 [

Portals:
Abyss: D:8

Annotations:
D:5 1 runed translucent door, Crazy Yiuf
D:13 3 runed translucent doors, pokeman's ghost, journeyman DEHW
Lair:4 1 runed translucent door, Muuss's ghost, adept GnHW
Lair:5 1 runed translucent door
Shoals:1 2 runed translucent doors, oldriver's ghost, adept FoWn
Shoals:2 2 transporters, Heluore's ghost, adept DsGl
Elf:2 3 runed translucent doors


Innate Abilities, Weirdness & Mutations

You have razor-sharp teeth.
Your natural rate of healing is unusually fast.
When hurt, damage is shared between your health and your magic reserves.
Your bite disrupts and absorbs the magic of your enemies.
Potions cannot restore your health.
You are vulnerable to cold. (rC-)


Message History

You block the ironbound convoker's attack.
You block the vault warden's attack. The deep troll completely misses you.
You block the deep troll's attack. The deep troll closely misses you.
You block the deep troll's attack. The deep troll misses you.
The deep troll claws you but does no damage.
The deep troll closely misses you. The deep troll barely misses you.
The deep troll claws you!
Unknown command.
Casting: Arcjolt (dangerous; 1% risk of failure)
Confirm with . or Enter, or press ? or * to list all spells.
Electricity surges outward!
The deep troll is heavily wounded.
The ironbound convoker is severely wounded.
The deep troll is heavily wounded.
The deep troll is almost dead.
The vault guard is lightly wounded.
The ironbound convoker hits you with a +0 dire flail!
* * * LOW HITPOINT WARNING * * *
You block the vault warden's attack. The deep troll bites you!
* * * LOW HITPOINT WARNING * * *
The deep troll misses you. You block the deep troll's attack.
The deep troll misses you.
The deep troll claws you but does no damage.
The deep troll claws you.
* * * LOW HITPOINT WARNING * * *
The deep troll misses you. You block the deep troll's attack.
The deep troll closely misses you.
Unknown command.
Unknown command.
You hit the deep troll. Your bite misses the deep troll.
The deep troll is almost dead.
You block the ironbound convoker's attack.
The vault warden hits you with a +2 great mace of holy wrath!!
* * * LOW HITPOINT WARNING * * *
You block the deep troll's attack. The deep troll completely misses you.
The deep troll misses you. x2; The deep troll closely misses you.
The deep troll claws you!
* * * LOW HITPOINT WARNING * * *
The deep troll bites you!
You die...

#'#######'###+#
#####......#......#
....#'####.+)##)###
....'[)†[#.#.#....#
....###[†#.#[+.+###
....#..#.#.#.#)#..#
....##.#.#.#.#.#.##
....######
#####+#### ....#
#.p@Tp.# ....#
+.TpT..# #####
#......# #......#
#......# #......#
########


You could see a vault warden (magic disrupted), a vault guard, 3 deep trolls and
an ironbound convoker.

Vanquished Creatures
  Vashnia (Snake:4)
  Asterion (Snake:2)
  2 deep elf blademasters (Elf:3)
  2 deep elf master archers (Elf:3)
  Agnes (D:14)
  Gastronok (Lair:1)
  Donald (Orc:2)
  Kirke (D:13)
  2 nagarajas (Snake:4)
  Ilsuiw (Shoals:4)
  6 deep elf sorcerers
  Aizul (Snake:2)
  2 deep elf elementalists (Elf:3)
  4 ironbound preservers (Vaults:1)
  3 deep elf annihilators (Elf:3)
  A minotaur (Gauntlet)
  5 deep elf demonologists (Elf:3)
  Azrael (Snake:2)
  An ettin (Orc:2)
  Snorg (Orc:1)
  2 crystal guardians (Vaults:1)
  4 merfolk javelineers
  6 merfolk impalers
  A fire dragon (Lair:5)
  4 deep elf death magi (Elf:3)
  A yaktaur captain (Vaults:1)
  An entropy weaver (Vaults:1)
  A vault guard (Vaults:1)
  A deep elf high priest (Elf:3)
  3 salamander tyrants
  A peacekeeper (Vaults:1)
  3 rakshasas
  An ironbound frostheart (Vaults:1)
  2 hydras
  An ogre mage (D:15)
  Erolcha (D:11)
  9 merfolk aquamancers
  4 merfolk avatars
  4 centaur warriors
  An alligator snapping turtle (Shoals:4)
  A boulder beetle (D:11)
  14 anacondas
  12 dancing weapons
  6 two-headed ogres
  4 satyrs
  10 death yaks
  A vampire mage (D:15)
  13 naga sharpshooters
  A tengu warrior (D:15)
  16 naga warriors
  6 shock serpents
  Nergalle (D:10)
  4 orc high priests (Orc:2)
  12 deep elf knights
  A fire crab (shapeshifter) (D:15)
  A skeletal warrior (D:15)
  A storm dragon skeleton (D:15)
  2 salamander mystics
  11 sea snakes
  A swamp dragon (Lair:5)
  7 deep trolls (Vaults:1)
  A wizard (Vaults:1)
  3 lindwurms (Lair:5)
  4 naga ritualists
  18 deep elf zephyrmancers
  3 orc knights (D:15)
  23 deep elf pyromancers
  2 necromancers
  17 harpies
  10 deep elf archers
  8 mana vipers
  24 manticores
  12 ugly things
  A tengu skeleton (D:15)
  6 cyclopes
  15 fauns
  An orc sorcerer (Orc:2)
  33 salamanders
  11 elephants (Lair:4)
  A frost giant skeleton (D:15)
  A vault sentinel (Vaults:1)
  Joseph (D:8)
  31 black mambas
  10 merfolk sirens
  Maurice (Orc:2)
  11 cane toads
  7 guardian serpents
  12 naga magi
  9 water nymphs
  7 torpor snails
  3 orange demons (Elf:1)
  7 gargoyles
  5 rime drakes
  An efreet (D:11)
  2 kobold demonologists
  2 unseen horrors
  9 komodo dragons
  A guardian mummy (D:15)
  6 trolls
  22 merfolk
  2 polar bears
  9 wind drakes
  8 hornets
  3 tyrant leeches (Lair:5)
  3 blink frogs (Lair:5)
  10 snapping turtles
  A jumping spider (Vaults:1)
  21 slime creatures
  A culicivora (shapeshifter) (D:15)
  A spriggan skeleton (D:15)
  12 water elementals
  3 air elementals
  45 yaks
  A vampire (D:12)
  2 wraiths
  4 wyverns
  4 fire elementals
  A hog (D:13)
  3 steam dragons
  A redback (Vaults:1)
  13 basilisks
  7 vampire mosquitoes
  4 wargs
  47 nagas
  6 acid dragons
  22 orc warriors
  13 water moccasins
  2 hell hounds (Snake:2)
  A swamp drake (Lair:5)
  2 ice beasts
  4 ogres
  14 wolves
  11 centaurs
  A phantom (D:7)
  3 kobold brigands
  2 earth elementals
  7 gnoll sergeants (Bailey)
  8 scorpions
  12 bullfrogs
  A necrophage (D:5)
  8 wights
  5 killer bees (D:9)
  A howler monkey (D:6)
  3 electric eels
  A crimson imp (D:7)
  4 lava snakes (Snake:4)
  A quasit (D:8)
  5 hounds
  2 jellies
  28 orc priests
  8 gnoll boudas
  11 iguanas
  9 hell rats
  28 orc wizards
  10 adders
  21 gnolls
  4 shadow imps
  6 white imps
  4 ufetubi (D:8)
  A worm (D:2)
  2 dart slugs
  67 orcs
  6 ball pythons
  3 endoplasms
  2 giant cockroaches
  8 goblins
  3 hobgoblins
  8 jackals (D:3)
  3 quokkas
  7 bats
  4 frilled lizards
  17 kobolds
  5 rats
  A lurking horror (D:8)
1166 creatures vanquished.

Vanquished Creatures (collateral kills)
  A deep elf elementalist (Elf:3)
  A catoblepas (Lair:4)
  An orc priest (Orc:2)
3 creatures vanquished.

Vanquished Creatures (others)
  A deep elf demonologist (Elf:3)
  A deep elf high priest (Elf:3)
  A deep elf pyromancer (Elf:3)
  A naga (Snake:3)
  2 bushes
  4 demonic plants (D:8)
  13 fungi
  A lurking horror (D:8)
  280 plants
  A withered plant (D:15)
305 creatures vanquished.

Grand Total: 1474 creatures vanquished

Notes
Turn   | Place    | Note
-------+----------+-------------------------------------------
     0 | D:1      | Zonian the Vine Stalker Brigand began the quest for the
                  | Orb.
     0 | D:1      | Reached XP level 1. HP: 11/11 MP: 2/2
    64 | D:1      | Reached skill level 5 in Stealth
    67 | D:1      | Reached XP level 2. HP: 15/15 MP: 3/3
   187 | D:1      | Got the Almanac of the Familiar Serac
   732 | D:2      | Reached XP level 3. HP: 19/19 MP: 4/4
  1358 | D:2      | Gained mutation: Your natural rate of healing is unusually
                  | fast. [Vine Stalker growth]
  1358 | D:2      | Reached XP level 4. HP: 23/23 MP: 5/5
  2460 | D:4      | Reached XP level 5. HP: 28/28 MP: 6/6
  3071 | D:5      | Entered Level 5 of the Dungeon
  3127 | D:5      | Reached XP level 6. HP: 29/33 MP: 5/7
  3130 | D:5      | Found a staircase to the Ecumenical Temple.
  3144 | Temple   | Entered the Ecumenical Temple
  3413 | D:5      | Found a hide-covered altar of Uskayaw.
  3422 | D:5      | Found a snail-covered altar of Cheibriados.
  3430 | D:5      | Became a worshipper of Uskayaw the Reveller
  3442 | D:5      | Reached * piety under Uskayaw
  3460 | D:5      | Identified the +1 robe "Efuem" {rElec Will+}
  3607 | D:5      | Noticed an ice beast
  3619 | D:5      | Reached ** piety under Uskayaw
  3622 | D:5      | Reached *** piety under Uskayaw
  3623 | D:5      | Killed an ice beast
  3624 | D:5      | Reached skill level 1 in Invocations
  3624 | D:5      | Reached XP level 7. HP: 38/38 MP: 7/9
  3861 | D:5      | Found a runed translucent door.
  3862 | D:5      | Noticed Crazy Yiuf
  4000 | D:6      | Reached skill level 5 in Fighting
  4137 | D:6      | Reached skill level 5 in Short Blades
  4164 | D:6      | Found a stormy altar of Qazlal.
  4234 | D:6      | Gained mutation: You have razor-sharp teeth. [Vine Stalker
                  | growth]
  4234 | D:6      | Reached XP level 8. HP: 43/43 MP: 11/11
  4369 | D:6      | Reached **** piety under Uskayaw
  5088 | D:7      | Identified a scroll of acquirement
  5088 | D:7      | Acquired a manual of Fighting
  5129 | D:7      | Acquired a manual of Short Blades
  5131 | D:7      | Acquired a +0 quick blade of electrocution
  5134 | D:7      | Acquired a manual of Stealth
  5156 | D:7      | Reached skill level 6 in Stealth
  5186 | D:7      | Identified the +7 dagger "Oforrebb" {spect, Contam rC++
                  | Int+3 SInv}
  5332 | D:7      | Reached skill level 7 in Stealth
  5364 | D:7      | Reached XP level 9. HP: 49/49 MP: 13/13
  5370 | D:7      | Reached skill level 5 in Invocations
  5984 | D:7      | Found a shadowy altar of Dithmenos.
  5984 | D:7      | Found a hazy altar of Hepliaklqana.
  6119 | D:8      | Reached skill level 8 in Stealth
  6132 | D:8      | Noticed Joseph
  6147 | D:8      | Killed Joseph
  6222 | D:8      | Reached skill level 9 in Stealth
  6252 | D:8      | Found a corrupted altar of Lugonu.
  6531 | D:8      | Found a one-way gate to the infinite horrors of the Abyss.
  6653 | D:8      | Found Utuufyr's Antique Armour Boutique.
  6673 | D:8      | Bought a distressingly furry ring mail for 297 gold pieces
  6673 | D:8      | Identified the +2 ring mail of Egalitarianism {rElec} (You
                  | bought it in a shop on level 8 of the Dungeon)
  6761 | D:8      | Noticed a two-headed ogre
  6768 | D:8      | Killed a two-headed ogre
  6769 | D:8      | Reached skill level 10 in Stealth
  6769 | D:8      | Reached XP level 10. HP: 53/57 MP: 13/15
  6797 | D:8      | Found Luhul's General Store.
  6807 | D:8      | Found Xemuasma's Magic Scroll Emporium.
  6809 | D:8      | Reached skill level 11 in Stealth
  6814 | D:8      | Reached ***** piety under Uskayaw
  6833 | D:8      | Bought a scroll of fog for 52 gold pieces
  6846 | D:8      | Bought a scroll of fear for 44 gold pieces
  7041 | D:8      | Found Huriap's Magic Scroll Emporium.
  7050 | D:8      | Bought a scroll of blinking for 82 gold pieces
  7254 | D:9      | Found a flagged portal.
  7273 | Bailey   | Entered a bailey
  7404 | Bailey   | Reached skill level 12 in Stealth
  7410 | Bailey   | Identified the +3 ring mail "Seeqe" {rPois rF+ rC+ Dex-2}
  7475 | Bailey   | Reached skill level 10 in Fighting
  7477 | Bailey   | Reached skill level 10 in Short Blades
  7495 | Bailey   | Got the Compilation of the Gift and Terrain
  7837 | D:9      | Found a staircase to the Orcish Mines.
  7935 | D:9      | Reached XP level 11. HP: 64/64 MP: 16/18
  8247 | D:10     | Entered Level 10 of the Dungeon
  8441 | D:10     | Noticed Nergalle
  8443 | D:10     | Killed Nergalle
  8796 | D:10     | Found a radiant altar of Vehumet.
  8961 | D:10     | Found a sacrificial altar of Ru.
  9007 | D:10     | Noticed a manticore
  9012 | D:10     | Killed a manticore
  9138 | D:10     | Found an opulent altar of Gozag.
  9259 | D:11     | Found a blossoming altar of Fedhas.
  9267 | D:11     | Found a staircase to the Lair.
  9267 | D:11     | Noticed Erolcha
  9318 | D:11     | Reached ****** piety under Uskayaw
  9322 | D:11     | Killed Erolcha
  9440 | D:11     | Noticed a boulder beetle
  9472 | D:11     | Killed a boulder beetle
  9473 | D:11     | Reached XP level 12. HP: 67/74 MP: 16/19
  9512 | D:11     | Acquired the +2 helmet "Zuro" {Slay+6}
  9547 | D:11     | Found Iboig's Weapon Shoppe.
  9627 | D:8      | Bought a scroll of enchant weapon for 82 gold pieces
  9690 | Lair:1   | Entered Level 1 of the Lair of Beasts
  9714 | Lair:1   | Reached skill level 13 in Stealth
  9845 | Lair:1   | Reached skill level 14 in Stealth
  9967 | Lair:1   | Noticed Gastronok
  9975 | Lair:1   | Killed Gastronok
 10734 | Lair:2   | Reached skill level 15 in Fighting
 10737 | Lair:2   | Reached skill level 1 in Dodging
 10883 | Lair:2   | Reached skill level 1 in Armour
 11046 | Lair:3   | Found a staircase to the Shoals.
 11174 | Lair:3   | Noticed a six-headed hydra
 11179 | Lair:3   | Killed a six-headed hydra
 11226 | Lair:3   | Reached XP level 13. HP: 73/80 MP: 20/20
 11227 | Lair:3   | Found a staircase to the Snake Pit.
 12173 | Lair:4   | Reached skill level 5 in Dodging
 12174 | Lair:4   | Reached skill level 5 in Armour
 12194 | Lair:4   | Found a runed translucent door.
 12214 | Lair:4   | Noticed Muuss's ghost (adept GnHW)
 12824 | Lair:5   | Entered Level 5 of the Lair of Beasts
 12978 | Lair:5   | Found a viscous altar of Jiyva.
 12978 | Lair:5   | Found a staircase to the Slime Pits.
 13342 | Lair:5   | Found a runed translucent door.
 13343 | Lair:5   | Noticed a fire dragon
 13434 | Lair:5   | Reached XP level 14. HP: 64/86 MP: 21/21
 13657 | Lair:5   | Learned a level 2 spell: Blink
 13739 | Lair:5   | Reached skill level 1 in Translocations
 13739 | Lair:5   | Reached skill level 1 in Evocations
 13885 | Lair:5   | Reached skill level 15 in Stealth
 14641 | D:11     | Identified the +0 chain mail of Distant Shores {rC- Regen+
                  | Dex+7}
 14936 | D:12     | Reached skill level 16 in Stealth
 15644 | D:13     | Reached skill level 5 in Translocations
 15784 | D:13     | Noticed Kirke
 15799 | D:13     | Killed Kirke
 15849 | D:13     | Found a runed translucent gate.
 15849 | D:13     | Found a runed translucent gate.
 15850 | D:13     | Found a runed translucent gate.
 15854 | D:13     | Noticed pokeman's ghost (journeyman DEHW)
 15952 | D:13     | Reached skill level 5 in Evocations
 16506 | D:14     | Reached XP level 15. HP: 90/90 MP: 22/22
 16546 | D:14     | Learned a level 3 spell: Mephitic Cloud
 16993 | D:14     | Noticed Agnes
 17010 | D:14     | Killed Agnes
 17011 | D:14     | Reached skill level 1 in Conjurations
 17011 | D:14     | Reached skill level 1 in Air Magic
 17011 | D:14     | Reached skill level 1 in Poison Magic
 17093 | D:14     | Found a gate to the Vaults.
 17668 | D:15     | Entered Level 15 of the Dungeon
 17673 | D:15     | Found a staircase to the Depths.
 17760 | D:15     | Found a gate leading to a gauntlet.
 17776 | Gauntlet | Entered a Gauntlet
 17776 | Gauntlet | Found a transporter.
 17776 | Gauntlet | Found a transporter.
 17776 | Gauntlet | Found a runed translucent door.
 17776 | Gauntlet | Found a runed translucent door.
 17776 | Gauntlet | Found a runed translucent gate.
 17776 | Gauntlet | Found a runed translucent gate.
 17783 | Gauntlet | Found a transporter.
 17796 | Gauntlet | Found a transporter.
 17832 | Gauntlet | Found a runed translucent gate.
 17922 | Gauntlet | Found a transporter.
 17922 | Gauntlet | Found a transporter.
 17932 | Gauntlet | Found a transporter.
 17952 | Gauntlet | Found a transporter.
 17952 | Gauntlet | Found a transporter.
 17972 | Gauntlet | Found a transporter.
 18010 | Gauntlet | Found a transporter.
 18041 | Gauntlet | Found a transporter.
 18043 | Gauntlet | Found a transporter.
 18091 | Gauntlet | Got the Excursus on Lamentation and Alteration
 19092 | Orc:1    | Entered Level 1 of the Orcish Mines
 19120 | Orc:1    | Noticed Snorg
 19133 | Orc:1    | Killed Snorg
 19233 | Orc:2    | Entered Level 2 of the Orcish Mines
 19319 | Orc:2    | Reached skill level 5 in Conjurations
 19319 | Orc:2    | Reached skill level 5 in Air Magic
 19319 | Orc:2    | Reached skill level 5 in Poison Magic
 19337 | Orc:2    | Noticed Maurice
 19355 | Orc:2    | Killed Maurice
 19495 | Orc:2    | Reached XP level 16. HP: 55/95 MP: 23/23
 19510 | Orc:2    | Found Ruamom's Weapon Shop.
 19510 | Orc:2    | Found Hioplinty's Antique Weapon Boutique.
 19599 | Orc:2    | Found Ozxit's Jewellery Shop.
 19599 | Orc:2    | Found Leefurch's Magic Scroll Boutique.
 19896 | Orc:2    | Found a staircase to the Elven Halls.
 19948 | Orc:2    | Noticed Donald
 19959 | Orc:2    | Killed Donald
 20548 | Snake:1  | Entered Level 1 of the Snake Pit
 20733 | Orc:2    | Bought the ring of the Enfolding Gods {rCorr Dex+6} for 680
                  | gold pieces
 21683 | Snake:1  | Identified the +11 flail of Ecly {holy, *Slow rElec rCorr
                  | Dex+4}
 22478 | Snake:2  | Found Hoec's Jewellery Emporium.
 22489 | Snake:2  | Bought the ring of Rousefoyp {rC+ MP+9 Dex+3} for 972 gold
                  | pieces
 22788 | Snake:2  | Found Piuwop's Book Emporium.
 22789 | Snake:2  | Found Haatys's Jewellery Shop.
 22789 | Snake:2  | Found Piosahun's Jewellery Shop.
 22829 | Snake:2  | Noticed Asterion
 22835 | Snake:2  | Gained mutation: You are vulnerable to cold. (rC-) [a
                  | cacodemon]
 23170 | Snake:2  | Noticed Azrael
 23189 | Snake:2  | Killed Azrael
 23278 | Snake:2  | Noticed Aizul
 23468 | Snake:2  | Killed Asterion
 23843 | Snake:3  | Reached XP level 17. HP: 96/99 MP: 24/24
 24060 | Snake:3  | Identified the +4 shortbow "Kotui" {antimagic, Will++}
 24118 | Snake:2  | Killed Aizul
 25383 | Snake:4  | Entered Level 4 of the Snake Pit
 25572 | Snake:4  | Found the +3 warlock's mirror {reflect}
 25905 | Snake:4  | Noticed Vashnia
 26263 | Snake:4  | Found Ulloragh's Antique Armour Emporium.
 26284 | Snake:4  | Found a shimmering blue altar of Sif Muna.
 26379 | Snake:4  | Reached skill level 10 in Poison Magic
 26400 | Snake:4  | Reached skill level 10 in Conjurations
 26400 | Snake:4  | Reached skill level 10 in Air Magic
 26406 | Snake:4  | Learned a level 5 spell: Arcjolt
 26974 | Snake:4  | Reached skill level 5 in Shields
 27101 | Snake:4  | Got a serpentine rune of Zot
 27189 | Snake:4  | Killed Vashnia
 27800 | Shoals:1 | Entered Level 1 of the Shoals
 27858 | Shoals:1 | Reached XP level 18. HP: 104/104 MP: 25/25
 28104 | Shoals:1 | Found Labe's Antique Armour Emporium.
 28291 | Shoals:1 | Found a large runed translucent door.
 28291 | Shoals:1 | Found a large runed translucent door.
 28323 | Shoals:1 | Noticed oldriver's ghost (adept FoWn)
 28705 | Shoals:2 | Reached skill level 1 in Spellcasting
 29062 | Shoals:2 | Found a transporter.
 29063 | Shoals:2 | Found the +3 Elemental Staff {rElec rF++ rC++ AC+5}
 29064 | Shoals:2 | Found a transporter.
 29065 | Shoals:2 | Noticed Heluore's ghost (adept DsGl)
 29607 | Shoals:3 | Found Noedyw's Antique Armour Emporium.
 29610 | Shoals:3 | Bought a glowing scarf for 200 gold pieces
 30386 | Shoals:4 | Entered Level 4 of the Shoals
 30439 | Shoals:4 | Got a barnacled rune of Zot
 30466 | Shoals:4 | Reached skill level 5 in Spellcasting
 30580 | Shoals:4 | Noticed Ilsuiw
 31247 | Shoals:4 | Reached XP level 19. HP: 79/108 MP: 29/29
 31286 | Shoals:4 | Killed Ilsuiw
 31867 | Elf:1    | Entered Level 1 of the Elven Halls
 32827 | Snake:2  | Bought the amulet "Sygaas" {Faith rPois} for 870 gold
                  | pieces
 33732 | Elf:2    | Found a radiant altar of Vehumet.
 33996 | Elf:2    | Learned a level 5 spell: Lightning Bolt
 34000 | Elf:2    | Learned a level 3 spell: Vhi's Electric Charge
 34004 | Elf:2    | Learned a level 3 spell: Hailstorm
 34010 | Elf:2    | Learned a level 5 spell: Irradiate
 34080 | Elf:2    | Reached skill level 1 in Transmutations
 34243 | Elf:2    | Found a runed translucent gate.
 34243 | Elf:2    | Found a runed translucent gate.
 34243 | Elf:2    | Found a runed translucent gate.
 34310 | Elf:2    | Paralysed by an air elemental for 1 turns
 34449 | Elf:3    | Entered Level 3 of the Elven Halls
 34450 | Elf:3    | Found Pisk's Antique Weapon Shoppe.
 35440 | Elf:3    | Identified the ring "Noxtaa" {Ice Str+4}
 35578 | Elf:3    | Identified the +9 quarterstaff of Laatik {vamp, Fragile
                  | rPois rN+}
 35707 | Elf:3    | Identified the +10 mace "Byexoapiar" {protect, rF+ Will+}
 35862 | Elf:3    | Identified the +6 great sword of Fear {holy, rElec}
 35961 | Elf:3    | Identified the +5 great sword of Abomination {antimagic,
                  | Contam Will+ SInv}
 36499 | Elf:3    | Reached XP level 20. HP: 107/113 MP: 33/33
 37291 | Elf:3    | Found the +3 crown of Dyrovepreva {rElec Int+2 SInv}
 37295 | Elf:3    | Found the +0 staff of Battle
 37301 | Elf:3    | Reached skill level 5 in Transmutations
 37316 | Elf:3    | Identified the +9 hand axe "Nonibb" {spect, rN+ Will++}
 37440 | Elf:3    | Upgraded the game from 0.30-a0-605-gb2882149bf to
                  | 0.30-a0-613-gdd512c7efb
 37828 | Snake:4  | Bought a spiked ring mail for 405 gold pieces
 37828 | Snake:4  | Identified the +5 ring mail of Efuegip {rCorr} (You bought
                  | it in a shop on level 4 of the Snake Pit)
 37982 | Shoals:1 | Bought an ichor-stained scale mail for 189 gold pieces
 37982 | Shoals:1 | Identified the +0 scale mail of the Armadillo {+Inv rF+
                  | Will+} (You bought it in a shop on level 1 of the Shoals)
 38165 | D:8      | Bought an ichor-stained chain mail for 313 gold pieces
 38165 | D:8      | Identified the +5 chain mail of Zoud {rF+} (You bought it
                  | in a shop on level 8 of the Dungeon)
 38572 | Vaults:1 | Entered Level 1 of the Vaults
 38598 | Vaults:1 | Reached skill level 1 in Ice Magic
 38651 | Vaults:1 | Identified the ring "Sush" {rPois rC+ Dex+6 SInv}
 38744 | Vaults:1 | HP: 2/113 [deep troll[an ironbound preserver] (7)]
 38744 | Vaults:1 | Mangled by a deep troll

Illustrated notes

Levels and vault maps discovered:
D:1:      dpeg_arrival_orchard, layout_loops_ring
D:2:      layout_basic, corexii_hall_statues_t, st_stairs_1
D:3:      layout_basic
D:4:      layout_gridville, serial_rivers, chequers_serial_rivers_small_b,
          chequers_serial_rivers_micro_b, chequers_serial_rivers_large_a,
          chequers_serial_rivers_micro_e
D:5:      layout_rooms, chequers_temple_overflow_statue_of_worship,
          minmay_temple_entry_slanted, serial_bayou_lake_a,
          uniq_crazy_yiuf_cottage
D:6:      layout_gridville, lemuel_doored_altar
D:7:      layout_loops_ring, riverfiend_overflow_shadow_ancestor,
          minmay_fire_ice_demons
D:8:      layout_loops_ring, serial_shops, shop, nicolae_shop_stone,
          nicolae_shop_advertising_works [nicolae_subvault_shop_adworks], shop,
          serial_demonic, serial_demonic_c, serial_demonic_c, serial_demonic_b,
          serial_demonic_c, serial_demonic_a, serial_demonic_e,
          amcnicky_altar_lugonu_corruption, uniq_joseph
D:9:      layout_small_grid, orc_0_dummy, enter_bailey_6
D:10:     layout_roguey, mainiacjoe_overflow_boulevard,
          nicolae_overflow_hidden_temple, kb_lookout_dungeons_type,
          uniq_nergalle
D:11:     layout_loops_ring, minmay_lair_entry_grove, serial_shops, shop,
          fedhas_bush_and_centaur_altar, uniq_erolcha
D:12:     layout_cross, nrook_pool_corridor, nicolae_kite_square_tiling_tiny,
          minmay_circle_x
D:13:     layout_long_grid, gammafunk_ghost_necromancy, uniq_kirke
D:14:     layout_stronghold, erik_vaults_1, serial_rivers,
          chequers_serial_rivers_marsh, chequers_serial_rivers_micro_d,
          chequers_serial_rivers_room_a, chequers_serial_rivers_small_b,
          chequers_serial_rivers_large_b, chequers_serial_rivers_micro_a,
          kennysheep_minor_cross, uniq_agnes
D:15:     gammafunk_depths_entry_grave, layout_small_grid,
          gauntlet_entry_generic, ebering_dispersal_statue_hall
Temple:   jpeg_temple_clearing
Lair:1:   layout_roguey, infiniplex_staircase_pool_2, grunt_megastairs_2,
          uniq_gastronok
Lair:2:   hellmonk_ruined_rings, layout_loops_ring, serial_bayou_lagoon_b
Lair:3:   layout_gridlike, elwin_shoals_entry_rocks,
          minmay_snake_entry_guardpost_small
Lair:4:   layout_cellular_growth, ebering_ghost_reflecting_pool,
          nicolae_lair_yak_garden
Lair:5:   wormcave, layout_regular_city, guppyfry_lair_end_dragon,
          dpeg_slime_entry_enclosed
Shoals:1: layout_shoals, ebering_ghost_disaster_area, serial_shops,
          nicolae_shop_waterfront
Shoals:2: layout_shoals, ebering_ghost_davey_jones, nicolae_splish_splash
Shoals:3: layout_shoals, nicolae_stop_n_shop_1, ldierk_geyser
Shoals:4: shoals_end_grunt_garden, layout_shoals, shoal_ilsuiw
Snake:1:  layout_layer_cave, nicolae_snake_boneroom
Snake:2:  layout_rooms, serial_shops, nicolae_shop_stone,
          nicolae_snake_double_loop, nicolae_snake_flat_spine,
          minmay_shop_grove, uniq_azrael, uniq_asterion, uniq_aizul
Snake:3:  layout_cave_pods
Snake:4:  grunt_snake_rune_serpentine_throne, layout_layer_cave, serial_shops,
          shop, basic_altar, nicolae_snake_salamander_zone, uniq_vashnia
Orc:1:    layout_caves, uniq_snorg
Orc:2:    st_orc_mages, layout_caves, lemuel_statue_altar, uniq_donald,
          uniq_maurice
Elf:1:    minmay_elf_arrival_summoners, layout_geoelf_diagonals,
          serial_corexii_hall, corexii_hall_statues_i, corexii_hall_statues_l,
          corexii_hall_statues_i, corexii_hall_statues_l,
          corexii_hall_statues_i, corexii_hall_statues_s,
          einodemon_barbed_minivault
Elf:2:    nicolae_elf_blades_splatter_lattice
          [nicolae_blade_entry_hurt_lockers], layout_geoelf_grid, basic_altar
Elf:3:    elf_hall_gauntlet_wide, layout_geoelf_diagonals, serial_shops,
          nicolae_shop_hallway_plus
Vaults:1: vaults_room_door_hall, vaults_dpeg_cross, nicolae_vaults_big_ls,
          vaults_dpeg_ring, grunt_vaults_focal, st_quartered_hall,
          nicolae_vaults_windows_and_doors_thing, grunt_vaults_funnel,
          hangedman_vaults_slice, vaults_room_stairs_pillars,
          vaults_standard_mumra_x, layout_vaults_omnicross, serial_shops,
          nicolae_shop_temple_entry_statues_fountains

Skill      XL: |  1  2  3  4  5  6  7  8  9 10 11 12 13 14 15 16 17 18 19 20 |
---------------+-------------------------------------------------------------+-----
Fighting       | 2 3 4 5 6 8 10 13 15 | 15.0
Stealth        | 5 7 10 12 14 16 | 16.0
Short Blades   | 2 3 4 5 6 8 10 12 | 12.0
Invocations    | 1 3 4 6 8 |  8.0
Shields        | 2 6 |  6.0
Dodging        | 3 7 8 |  8.0
Armour         | 3 7 8 |  8.0
Translocations | 6 |  6.0
Evocations     | 5 8 |  8.0
Conjurations   | 5 8 10 12 14 | 14.8
Air Magic      | 5 8 10 12 14 | 14.6
Poison Magic   | 5 8 10 | 10.5
Spellcasting   | 6 8 |  8.4
Transmutations | 4 5 |  5.8
Ice Magic      | 2 |  2.4
Throwing       | |  1.8

Action                   |  1- 3 |  4- 6 |  7- 9 | 10-12 | 13-15 | 16-18 | 19-21 || total
-------------------------+-------+-------+-------+-------+-------+-------+-------++-------
Melee: Dagger            |    84 |    35 |       |    15 |       |       |       ||   134
       Bite              |    17 |    37 |    90 |   191 |   434 |   592 |   223 ||  1584
       Punch             |     2 |     3 |     6 |     6 |    18 |    11 |       ||    46
       Rapier            |       |   122 |   149 |       |       |       |       ||   271
       Quick blade       |       |       |   163 |   459 |  1004 |  1259 |   479 ||  3364
 Fire: Sling             |       |       |       |     3 |     3 |     4 |       ||    10
Throw: Dart              |    14 |     2 |     2 |     6 |     7 |     8 |    28 ||    67
       Javelin           |       |       |       |     1 |     5 |     3 |       ||     9
       Throwing net      |       |       |       |       |       |     3 |       ||     3
 Cast: Mephitic Cloud    |       |       |       |       |       |     3 |       ||     3
       Arcjolt           |       |       |       |       |       |     2 |     2 ||     4
Invok: Stomp             |       |       |       |     1 |       |       |       ||     1
       Line Pass         |       |       |       |       |     1 |       |       ||     1
Evoke: Wand              |     1 |     1 |     7 |     3 |     9 |    12 |     6 ||    39
       Lightning rod     |       |       |       |     4 |     5 |     3 |       ||    12
       Tin of tremorston |       |       |       |       |     2 |     5 |       ||     7
       Box of beasts     |       |       |       |       |     1 |     1 |       ||     2
  Use: Scroll            |     2 |     8 |    17 |     8 |     8 |    12 |     3 ||    58
       Potion            |       |       |       |     1 |       |     3 |     1 ||     5
 Stab: Sleeping          |    11 |    14 |     9 |    22 |    35 |    31 |    24 ||   146
       Paralysed         |       |     1 |    12 |    28 |    56 |    86 |    39 ||   222
       Distracted        |       |       |     2 |     1 |       |    11 |     5 ||    19
       Held in net/web   |       |       |       |       |       |     1 |       ||     1
       Confused          |       |       |       |       |       |     1 |       ||     1
       Invisible         |       |       |       |       |       |     1 |       ||     1
Armor: Robe              |    29 |    48 |    61 |       |       |       |       ||   138
       Ring mail         |       |       |       |    76 |   171 |   192 |    48 ||   487
Dodge: Dodged            |    44 |    66 |    95 |    83 |   209 |   316 |   138 ||   951
Block: Other             |     1 |    34 |    33 |    45 |    80 |    69 |       ||   262
       Reflection        |       |       |     3 |     2 |     8 |    73 |    27 ||   113
       Buckler           |       |       |       |       |       |   290 |   141 ||   431

Table legend: (Time is in decaauts)
 A = Elapsed time spent in this place.
 B = Non-inter-level travel time spent in this place.
 C = Inter-level travel time spent in this place.
 D = Time resting spent in this place.
 E = Time spent auto-exploring this place.
 F = Levels seen in this place.
 G = Mean time per level.
                   A        B        C        D        E       F      G
               +--------+--------+--------+--------+--------+-----+--------+
         Total |  36485 |  32684 |   3801 |   6195 |  17492 |  37 |  986.1 |
       Dungeon |  13795 |  12181 |   1614 |   1453 |   7497 |  15 |  919.7 |
        Temple |     89 |     76 |     13 |      0 |     65 |   1 |   89.0 |
          Lair |   4927 |   4165 |    762 |    314 |   2764 |   5 |  985.4 |
        Shoals |   3635 |   3428 |    207 |    315 |   1937 |   4 |  908.8 |
     Snake Pit |   6677 |   6199 |    478 |   2058 |   2823 |   4 | 1669.2 |
  Orcish Mines |   1443 |   1086 |    357 |     93 |    627 |   2 |  721.5 |
   Elven Halls |   5000 |   4633 |    367 |   1844 |   1607 |   3 | 1666.7 |
        Vaults |    114 |    114 |      0 |      0 |     28 |   1 |  114.0 |
        Bailey |    343 |    343 |      0 |      0 |    143 |   1 |  343.0 |
      Gauntlet |    458 |    458 |      0 |    116 |      0 |   1 |  458.0 |
               +--------+--------+--------+--------+--------+-----+--------+

Top non-repeatable levels by time:
   Elf:3: 2916 daAuts
 Snake:1: 1953 daAuts
 Snake:4: 1911 daAuts
 Snake:2: 1655 daAuts
    D:11: 1421 daAuts
  Lair:3: 1280 daAuts
    D:14: 1250 daAuts
  Lair:5: 1221 daAuts
   Elf:1: 1186 daAuts
 Snake:3: 1157 daAuts
     D:8: 1151 daAuts
    D:10: 1118 daAuts
Shoals:4: 1070 daAuts
   Orc:2: 1024 daAuts
     D:2: 976 daAuts
